 Dungeon Crawl Stone Soup version 0.26.0-16-gc1dbca0489 (webtiles) character file.

Game seed: 9258482423619099537

71349 lessens the Devastator (level 15, -15/90 HPs)
             Began as a Tengu Earth Elementalist on Jan 19, 2021.
             Was a High Priest of Vehumet.
             Demolished by a red ugly thing (23 damage)
             ... on level 13 of the Dungeon.
             The game lasted 01:04:46 (32510 turns).

lessens the Devastator (Tengu Earth Elementalist)  Turns: 32510, Time: 01:04:47

Health: -15/90     AC: 10    Str:  8    XL:     15   Next: 36%
Magic:  14/34      EV: 19    Int: 31    God:    Vehumet [*****.]
Gold:   1847       SH:  8    Dex: 15    Spells: 6/42 levels left

rFire    . . .     SeeInvis .   O - +9 trident "Saaleope" {flame, Int+3}
rCold    . . .     Faith    .   t - +2 buckler {reflect}
rNeg     . . .     Spirit   .   c - +0 robe
rPois    +         Reflect  +   Z - +2 hat
rElec    .         Harm     .   K - +1 cloak
rCorr    .         Rampage  .   T - +2 pair of gloves
Will     +....                  (boots unavailable)
Stlth    ++........             M - amulet of magic regeneration
HPRegen  0.25/turn              P - +6 ring of intelligence
MPRegen  0.49/turn              W - ring of poison resistance

@: flying quickly and evasively, quick
A: beak, talons 3, able to fly
a: Stop Flying, Renounce Religion


You were on level 13 of the Dungeon.
You worshipped Vehumet.
Vehumet was extremely pleased with you.
You visited 4 branches of the dungeon, and saw 22 of its levels.
You also visited: Sewer, Bailey and Gauntlet.

You collected 1978 gold pieces.
You spent 131 gold pieces at shops.

Inventory:

Hand Weapons
 O - the +9 trident "Saaleope" (weapon) {flame, Int+3}
   (You found it on level 5 of the Lair of Beasts)

   It has been specially enchanted to burn those struck by it, causing extra
   injury to most foes and up to half again as much damage against particularly
   susceptible opponents.
   It affects your intelligence (+3).
Missiles
 b - 612 stones
 h - 72 boomerangs
 A - 3 boomerangs of dispersal
 J - 61 poisoned darts (quivered)
Armour
 c - a +0 robe (worn)
 t - a +2 buckler of reflection (worn)
 K - a +1 cloak (worn)
 T - a +2 pair of gloves (worn)
 V - a +2 leather armour of willpower
 Z - a +2 hat (worn)
Jewellery
 n - an uncursed ring of fire
 y - an uncursed ring of positive energy
 F - an uncursed ring of protection from fire
 M - an amulet of magic regeneration (around neck)
 P - a +6 ring of intelligence (left hand)
 Q - an uncursed ring of resist corrosion
 W - a ring of poison resistance (right hand)
Wands
 a - a wand of disintegration (22)
 C - a wand of enslavement (9)
 L - a wand of digging (12)
 R - a wand of iceblast (8)
 X - a wand of acid (17)
Scrolls
 i - 4 scrolls of fog
 j - 4 scrolls of enchant armour
 k - 11 scrolls of teleportation
 l - 8 scrolls of magic mapping
 p - a scroll of enchant weapon
 s - 13 scrolls of remove curse
 v - 4 scrolls of fear
 w - 2 scrolls of amnesia
 E - 5 scrolls of blinking
 N - 4 scrolls of identify
Potions
 d - a potion of mutation
 e - 4 potions of haste
 g - 3 potions of brilliance
 o - 4 potions of curing
 r - a potion of degeneration
 u - 7 potions of lignification
 x - 4 potions of flight
 z - 4 potions of might
 B - 2 potions of berserk rage
 G - a potion of invisibility {unknown}
 H - 2 potions of heal wounds
 I - 2 potions of attraction
 Y - a potion of magic
Miscellaneous
 f - a tin of tremorstones (2/2)
 m - a phantom mirror
 q - a phantom mirror
 D - a tin of tremorstones (2/2)
 S - a phantom mirror
 U - a phial of floods


   Skills:
 + Level 9.1 Fighting
 + Level 7.7 Armour
 - Level 6.6 Dodging
 - Level 2.0 Stealth
 - Level 6.0 Shields
 + Level 14.1 Spellcasting
 - Level 17.0 Conjurations
 - Level 0.7 Transmutations
 - Level 12.3 Air Magic
 - Level 3.0 Earth Magic


You had 6 spell levels left.
You knew the following spells:

 Your Spells              Type           Power        Failure   Level
a - Sandblast             Erth           80%          1%          1
b - Stone Arrow           Conj/Erth      100%         1%          3
c - Static Discharge      Conj/Air       85%          0%          3
d - Lightning Bolt        Conj/Air       42%          1%          5
e - Airstrike             Air            39%          1%          4
f - Iskenderun's Mystic   Conj/Tloc      65%          1%          4
g - Mephitic Cloud        Conj/Pois/Air  70%          1%          3
h - Orb of Destruction    Conj           45%          1%          7
i - Freezing Cloud        Conj/Ice/Air   35%          1%          6

Your spell library contained the following spells:

 Spells                   Type           Power        Failure   Level
 Conjure Ball Lightning   Conj/Air       42%          1%          6
 Magic Dart               Conj           100%         0%          1
 Shock                    Conj/Air       100%         0%          1
 Beastly Appendage        Tmut           52%          1%          1
 Foxfire                  Conj/Fire      100%         1%          1
 Passwall                 Tmut/Erth      27%          1%          2
 Swiftness                Air            78%          1%          2
 Conjure Flame            Conj/Fire      65%          1%          3
 Inner Flame              Hex/Fire       21%          1%          3
 Sticky Flame             Conj/Fire      65%          1%          4
 Fireball                 Conj/Fire      32%          1%          5
 Wereblood                Tmut           26%          2%          2
 Blink                    Tloc           N/A          3%          2
 Call Imp                 Summ           21%          3%          2
 Slow                     Hex            21%          3%          2
 Lee's Rapid Deconstruct  Erth           20%          4%          5
 Spider Form              Tmut/Pois      12%          5%          3
 Gell's Gravitas          Tloc           10%          6%          3
 Portal Projectile        Hex/Tloc       42%          6%          3
 Vampiric Draining        Necr           10%          6%          3
 Petrify                  Tmut/Erth      33%          10%         4
 Ice Form                 Ice/Tmut       24%          19%         4
 Borgnjor's Vile Clutch   Necr/Erth      15%          32%         5
 Blade Hands              Tmut           13%          41%         5
 Metabolic Englaciation   Hex/Ice        10%          52%         5
 Ozocubu's Refrigeration  Ice            10%          58%         6
 Dispersal                Tloc           10%          97%         6
 Simulacrum               Ice/Necr       10%          97%         6
 Disjunction              Tloc           10%          100%        8


Dungeon Overview and Level Annotations

Branches:
Dungeon (13/15)            Temple (1/1) D:4            Lair (6/6) D:10
 Shoals (0/4) Lair:2        Snake (0/4) Lair:4        Slime (0/5) Lair:6
    Orc (2/2) D:11            Elf (0/3) Orc:2         Sewer (visited)
 Bailey (visited)         Gauntlet (visited)
 Vaults: D:13-14

Altars:
Ashenzari
Cheibriados
Dithmenos
Elyvilon
Fedhas
Gozag
Hepliaklqana
Kikubaaqudgha
Qazlal
Vehumet
The Shining One
Beogh
Jiyva
Lugonu

Shops:
D:4 [   D:7 *   D:8 *   D:10 (   D:11 (   Orc:2 *:}:**:

Portals:
Abyss: Orc:2

Annotations:
D:3 Grinder
D:4 Sigmund
D:6 exclusions: 3 centaurs and 6 more exclusions
D:7 Menkaure


Innate Abilities, Weirdness & Mutations

You have a beak for a mouth.
You have claws for feet.
You can fly continuously.


Message History

Aiming: Lightning Bolt (safe; 1% risk of failure)
Press: ? - help, Shift-Dir - straight line You hear a mighty clap of thunder!
The bolt of lightning misses the red ugly thing.
The bolt of lightning hits the red ugly thing!!
The red ugly thing is almost dead.
The red ugly thing bites you!
You are engulfed in flames!
* * * LOW HITPOINT WARNING * * *
Casting: Lightning Bolt (safe; 1% risk of failure)
Confirm with . or Enter, or press ? or * to list all spells.
Aiming: Lightning Bolt (safe; 1% risk of failure)
Press: ? - help, Shift-Dir - straight line You hear a mighty clap of thunder!
The bolt of lightning misses the red ugly thing. x2
You hear a shout!
You hear a roar!
A worker ant comes into view.
The red ugly thing bites you.
* * * LOW HITPOINT WARNING * * *
You are engulfed in flames!!
You die...

......)..# ..#
##......##
.........## ..#
###.....).##
..../.....#
..###..........#
..........##
#..##...........#
......#....##
#.......##......#
.....###....##
#.....#####......
.....
##....###...##
##..... ....#
##...Wu..[#
##..... ...#
#.....@.##
#...##.
##.......#
#..###.
#...###..## ##..#
#. #...## ##..##
#..## #. ..B###
##..# ##.## #.
##.. ##.## #..# .
## ##.###.##
##.#.## #..#.#


You could see a red ugly thing, a wraith and a worker ant.

Vanquished Creatures
  A minotaur (Gauntlet)
  8 hydras
  Harold (Lair:2)
  2 catoblepae (Lair:5)
  A death knight (D:12)
  3 two-headed ogres
  Nergalle (D:10)
  Sonja (D:10)
  An unseen horror (D:12)
  Pikel (D:7)
  4 orc knights
  An orc sorcerer (Orc:2)
  A cyclops (D:12)
  4 oklob plants (Lair:5)
  2 slime creatures (Gauntlet)
  6 elephants
  8 black mambas
  A centaur zombie (D:13)
  31 cane toads
  Joseph (D:7)
  2 gargoyles (D:13)
  Maggie (D:9)
  A rime drake (shapeshifter) (Gauntlet)
  2 rime drakes
  A freezing wraith (D:12)
  5 komodo dragons
  6 trolls
  4 tyrant leeches
  A hornet (D:12)
  3 polar bears
  Prince Ribbit (D:9)
  16 blink frogs
  12 dream sheep
  2 meliai zombies (D:13)
  A redback (shapeshifter) (Gauntlet)
  A centaur simulacrum (D:11)
  3 wyverns
  2 wraiths (D:12)
  51 yaks
  3 basilisks
  6 vampire mosquitoes (Lair:6)
  4 swamp worms (Gauntlet)
  3 wargs
  20 water moccasins
  Purgy (Sewer)
  2 necrophages
  2 sky beasts
  2 ice beasts
  40 orc warriors
  2 phantoms
  2 black bears
  14 centaurs
  17 wolves
  6 ogres
  3 lemures (D:7)
  3 big kobolds
  31 bullfrogs
  5 scorpions
  4 wights (D:7)
  3 jellies
  6 howler monkeys
  2 electric eels (Lair:6)
  4 bullfrog zombies
  3 quasits
  5 hounds
  A bullfrog skeleton (D:10)
  3 centaur skeletons
  9 orc priests
  17 orc wizards
  Terence (D:3)
  7 iguanas
  5 hell rats (Lair:5)
  8 worker ants
  A hound zombie (D:7)
  3 hound skeletons
  2 howler monkey zombies
  15 gnolls
  21 adders
  A howler monkey skeleton (D:6)
  4 river rats (D:6)
  2 white imps
  An ufetubus (D:7)
  2 oozes (D:3)
  2 adder zombies
  4 adder skeletons
  7 worms
  2 dart slugs (D:1)
  5 leopard geckos
  80 orcs
  7 giant cockroaches
  13 goblins
  10 hobgoblins
  4 jackals (D:4)
  26 kobolds
  4 quokkas
  3 ball pythons
  5 bats
  3 frilled lizards
  2 goblin skeletons (D:9)
  A hobgoblin zombie (D:9)
  3 kobold skeletons (D:9)
  2 kobold zombies (D:9)
  2 leopard gecko zombies
  2 orc zombies (D:9)
  A quokka skeleton (D:5)
  17 rats
  A lurking horror (Orc:2)
696 creatures vanquished.

Vanquished Creatures (others)
  A lindwurm (Lair:5)
  5 demonic plants (Gauntlet)
  91 fungi
  A lurking horror (Orc:2)
  158 plants
  6 toadstools (Lair:5)
  27 withered plants (Gauntlet)
289 creatures vanquished.

Grand Total: 985 creatures vanquished

Notes
Turn   | Place    | Note
-------+----------+-------------------------------------------
     0 | D:1      | lessens the Tengu Earth Elementalist began the quest for
                  | the Orb.
     0 | D:1      | Reached XP level 1. HP: 10/10 MP: 4/4
   152 | D:1      | Reached XP level 2. HP: 15/15 MP: 6/6
   907 | D:2      | Reached XP level 3. HP: 18/19 MP: 7/7
   939 | D:2      | Learned a level 3 spell: Stone Arrow
  1251 | D:2      | Reached skill level 1 in Conjurations
  1332 | D:2      | Reached XP level 4. HP: 24/24 MP: 9/9
  1714 | D:2      | Found a broken altar of Ashenzari.
  1718 | D:2      | Saw a vision of the Shoals and the Snake Pit.
  1718 | D:2      | Noticed a merfolk
  1718 | D:2      | Noticed an anaconda
  1718 | D:2      | Noticed a naga
  1718 | D:2      | Noticed a naga mage
  1718 | D:2      | Noticed a merfolk
  1718 | D:2      | Noticed a naga
  1718 | D:2      | Noticed a mana viper
  1718 | D:2      | Noticed a black mamba
  1718 | D:2      | Noticed a black mamba
  1718 | D:2      | Noticed a naga warrior
  1718 | D:2      | Noticed a black mamba
  1718 | D:2      | Noticed a merfolk
  1718 | D:2      | Noticed a sea snake
  1719 | D:2      | Noticed a naga
  1719 | D:2      | Noticed a merfolk
  1719 | D:2      | Noticed a mana viper
  1720 | D:2      | Noticed a merfolk
  2259 | D:3      | Reached skill level 2 in Conjurations
  2446 | D:3      | Gained mutation: You can fly continuously. [Tengu growth]
  2446 | D:3      | Reached XP level 5. HP: 10/28 MP: 3/11
  2975 | D:3      | Noticed Terence
  2983 | D:3      | Killed Terence
  2984 | D:3      | Reached skill level 3 in Conjurations
  3060 | D:3      | Noticed Grinder
  3539 | D:4      | Noticed Sigmund
  3651 | D:4      | Found a staircase to the Ecumenical Temple.
  3661 | Temple   | Entered the Ecumenical Temple
  3674 | Temple   | Became a worshipper of Vehumet
  3822 | D:4      | Reached skill level 4 in Conjurations
  4008 | D:4      | Reached XP level 6. HP: 31/32 MP: 10/13
  4050 | D:4      | Found a hazy altar of Hepliaklqana.
  4275 | D:4      | Found Botzint's Antique Armour Boutique.
  4355 | D:5      | Entered Level 5 of the Dungeon
  4582 | D:5      | Noticed an ice beast
  4583 | D:5      | Reached skill level 5 in Conjurations
  4623 | D:5      | Killed an ice beast
  4624 | D:5      | Reached XP level 7. HP: 19/36 MP: 4/15
  5062 | D:5      | Reached skill level 5 in Spellcasting
  5194 | D:5      | Reached skill level 6 in Conjurations
  6051 | D:6      | Reached * piety under Vehumet
  6051 | D:6      | Offered knowledge of Magic Dart by Vehumet.
  6087 | D:6      | Reached skill level 7 in Conjurations
  6226 | D:6      | Reached XP level 8. HP: 24/41 MP: 12/17
  6363 | D:6      | Found a glowing drain.
  6372 | Sewer    | Entered a sewer
  6495 | Sewer    | Noticed Purgy
  6536 | Sewer    | Killed Purgy
  6832 | D:6      | Reached skill level 8 in Conjurations
  6981 | D:6      | Offered knowledge of Searing Ray by Vehumet.
  6999 | D:6      | Reached ** piety under Vehumet
  8228 | D:6      | Reached skill level 9 in Conjurations
  9336 | D:6      | Offered knowledge of Dazzling Flash by Vehumet.
  9678 | D:7      | Reached XP level 9. HP: 6/45 MP: 19/21
 10023 | D:7      | Noticed Joseph
 10053 | D:7      | Killed Joseph
 10054 | D:7      | Reached skill level 10 in Conjurations
 10417 | D:7      | Noticed Menkaure
 10485 | D:6      | Reached skill level 5 in Fighting
 10485 | D:6      | Reached skill level 12 in Conjurations
 10485 | D:6      | Reached XP level 10. HP: 52/59 MP: 22/24
 10572 | D:7      | Found Lenaciv's General Store.
 10580 | D:7      | Bought a scroll of blinking for 105 gold pieces
 10609 | D:7      | Reached *** piety under Vehumet
 10827 | D:7      | Noticed Pikel
 10869 | D:7      | Killed Pikel
 11170 | D:7      | Found an ancient bone altar of Kikubaaqudgha.
 11172 | D:7      | Found a snail-covered altar of Cheibriados.
 11172 | D:7      | Found a broken altar of Ashenzari.
 11223 | D:7      | Found a shadowy altar of Dithmenos.
 11232 | D:7      | Found a blossoming altar of Fedhas.
 11862 | D:8      | Found Jiomioco's Assorted Antiques.
 11875 | D:8      | Learned a level 3 spell: Static Discharge
 11881 | D:8      | Learned a level 5 spell: Lightning Bolt
 11886 | D:8      | Learned a level 4 spell: Airstrike
 11907 | D:8      | Noticed a two-headed ogre
 12000 | D:8      | Killed a two-headed ogre
 12001 | D:8      | Reached skill level 10 in Spellcasting
 12001 | D:8      | Reached skill level 13 in Conjurations
 12122 | D:8      | Offered knowledge of Iskenderun's Mystic Blast by Vehumet.
 12168 | D:8      | Learned a level 4 spell: Iskenderun's Mystic Blast
 12622 | D:9      | Noticed Maggie
 12637 | D:9      | Killed Maggie
 12637 | D:9      | Reached **** piety under Vehumet
 12638 | D:9      | Reached XP level 11. HP: 32/64 MP: 4/26
 12974 | D:9      | Noticed Prince Ribbit
 12988 | D:9      | Killed Prince Ribbit
 13370 | D:9      | Found a glowing golden altar of the Shining One.
 13420 | D:9      | Offered knowledge of Mephitic Cloud by Vehumet.
 13425 | D:9      | Learned a level 3 spell: Mephitic Cloud
 14262 | D:10     | Entered Level 10 of the Dungeon
 14322 | D:10     | Found Hockut's Antique Weapon Emporium.
 14369 | D:10     | Noticed Sonja
 14373 | D:10     | Found a flagged portal.
 14382 | Bailey   | Entered a bailey
 14842 | Bailey   | Noticed an orc knight
 14875 | Bailey   | Killed an orc knight
 15042 | D:10     | Reached skill level 5 in Air Magic
 15080 | D:10     | Noticed Nergalle
 15087 | D:10     | Killed Nergalle
 15277 | D:10     | Found a staircase to the Lair.
 15314 | D:10     | Killed Sonja
 15315 | D:10     | Reached skill level 14 in Conjurations
 15878 | D:11     | Noticed a six-headed hydra
 15885 | D:11     | Killed a six-headed hydra
 15997 | D:11     | Found a roughly hewn altar of Beogh.
 15997 | D:11     | Found a staircase to the Orcish Mines.
 16405 | D:11     | Noticed a two-headed ogre
 16410 | D:11     | Killed a two-headed ogre
 16421 | D:11     | Found Jimny's Weapon Shoppe.
 16627 | D:11     | Noticed a two-headed ogre
 16632 | D:11     | Killed a two-headed ogre
 16633 | D:11     | Reached XP level 12. HP: 68/68 MP: 20/28
 17424 | D:12     | Noticed a death knight
 17508 | Lair:1   | Entered Level 1 of the Lair of Beasts
 17629 | Lair:1   | Found a gate leading to a gauntlet.
 17652 | Lair:1   | Reached skill level 15 in Conjurations
 17702 | Gauntlet | Entered a Gauntlet
 17702 | Gauntlet | Found a transporter.
 17712 | Gauntlet | Found a transporter.
 17726 | Gauntlet | Found a transporter.
 17731 | Gauntlet | Found a transporter.
 17754 | Gauntlet | Found a transporter.
 17768 | Gauntlet | Found a transporter.
 17781 | Gauntlet | Found a transporter.
 17781 | Gauntlet | Noticed a hell hog
 17793 | Gauntlet | Found a transporter.
 17805 | Gauntlet | Found a transporter.
 17820 | Gauntlet | Found a transporter.
 17820 | Gauntlet | Found a transporter.
 17822 | Gauntlet | Found a transporter.
 17845 | Gauntlet | Found a transporter.
 17850 | Gauntlet | Found a transporter.
 17892 | Gauntlet | Found a transporter.
 17912 | Gauntlet | Noticed a two-headed ogre
 17922 | Gauntlet | Found a transporter.
 17951 | Gauntlet | Found a transporter.
 17953 | Gauntlet | Found a transporter.
 17963 | Gauntlet | a two-headed ogre changed into a redback
 18291 | Gauntlet | Identified the Volume of Attacks and Evil Secrets
 18361 | Gauntlet | Reached ***** piety under Vehumet
 18361 | Gauntlet | Offered knowledge of Orb of Destruction by Vehumet.
 18370 | Gauntlet | Learned a level 7 spell: Orb of Destruction
 18550 | Gauntlet | Noticed a minotaur
 18574 | Gauntlet | Killed a minotaur
 19856 | Lair:1   | Reached skill level 10 in Air Magic
 20532 | Lair:2   | Noticed Harold
 20548 | Lair:2   | Killed Harold
 20549 | Lair:2   | Reached XP level 13. HP: 50/73 MP: 19/30
 20819 | Lair:2   | Reached skill level 16 in Conjurations
 21035 | Lair:2   | Found a staircase to the Shoals.
 21379 | Lair:2   | Found a radiant altar of Vehumet.
 22171 | Lair:3   | Identified a scroll of acquirement
 22171 | Lair:3   | Acquired a +2 buckler of reflection
 22405 | Lair:3   | Reached skill level 1 in Shields
 22459 | Lair:3   | Offered knowledge of Iron Shot by Vehumet.
 22942 | Lair:3   | Reached skill level 5 in Shields
 23497 | Lair:4   | Found a staircase to the Snake Pit.
 24355 | Lair:4   | Reached XP level 14. HP: 78/78 MP: 20/31
 24822 | Lair:5   | Reached skill level 17 in Conjurations
 24913 | Lair:5   | Reached skill level 1 in Armour
 25501 | Lair:5   | HP: 2/80 [acid (20)]
 26318 | Lair:5   | Found a runed translucent door.
 26666 | Lair:5   | Got an ancient trident
 26667 | Lair:5   | Identified the +9 trident "Saaleope" {flame, Int+3} (You
                  | found it on level 5 of the Lair of Beasts)
 26943 | Lair:6   | Entered Level 6 of the Lair of Beasts
 27011 | Lair:6   | Found a staircase to the Slime Pits.
 27016 | Lair:6   | Found a viscous altar of Jiyva.
 27035 | Lair:6   | Offered knowledge of Irradiate by Vehumet.
 27409 | Lair:6   | Reached skill level 5 in Armour
 28688 | Lair:6   | Learned a level 6 spell: Freezing Cloud
 28791 | Lair:6   | Reached XP level 15. HP: 88/88 MP: 20/33
 29134 | Orc:1    | Entered Level 1 of the Orcish Mines
 29386 | Orc:2    | Entered Level 2 of the Orcish Mines
 29900 | Orc:2    | Offered knowledge of Conjure Ball Lightning by Vehumet.
 30481 | Orc:2    | Found Kumem's Book Boutique.
 30635 | Orc:2    | Found Tejuac's General Store.
 30635 | Orc:2    | Found Rigatt's Book Emporium.
 30635 | Orc:2    | Found Waizunwe's Gadget Shoppe.
 30640 | Orc:2    | Found Etsit's Assorted Antiques.
 30652 | Orc:2    | Bought a scroll labelled VESHRIM FEPYOD for 26 gold pieces
 30759 | Orc:2    | Found Heplojag's General Store.
 31111 | Orc:2    | Found a corrupted altar of Lugonu.
 31117 | Orc:2    | Found a one-way gate to the infinite horrors of the Abyss.
 31301 | Orc:2    | Found Nysainwy's Book Shop.
 31307 | Orc:2    | Found a staircase to the Elven Halls.
 32510 | D:13     | Demolished by a red ugly thing

Illustrated notes

Levels and vault maps discovered:
D:1:      ncdulo_halloftheorcs, layout_basic, minmay_vboxes
D:2:      layout_loops_corners, grunt_ashenzari_visionary
          [grunt_ashenzari_visionary_shoals, grunt_ashenzari_visionary_snake]
D:3:      layout_loops_corners, chequers_arboretum, uniq_terence, uniq_grinder
D:4:      layout_rooms, nzn_hepliaklqana_mist_gate, temple_statues,
          serial_shops, kennysheep_little_box, uniq_sigmund
D:5:      layout_basic, minivault_14, nicolae_underground_beach
D:6:      layout_basic, lightli_sewer_entry_pipes, centaur_isle
D:7:      layout_basic, minmay_overflow_temple_star_hex, serial_shops, shop,
          uniq_menkaure, uniq_pikel, uniq_joseph
D:8:      layout_loops_ring, serial_shops, shop
D:9:      layout_big_octagon, nicolae_tso_besieged_by_evil, uniq_prince_ribbit1,
          uniq_maggie
D:10:     layout_basic, lair_entry_dummy, serial_shops, nicolae_shop_crystal,
          enter_bailey_3, minmay_misc_feat_hallway, kennysheep_generic_room_11,
          uniq_sonja, uniq_nergalle
D:11:     layout_long_grid, david_orc_5, serial_shops, kennysheep_mini_moat
D:12:     layout_irregular_city
D:13:     layout_layer_cave, david_vaults_5, gammafunk_ghost_arena,
          grunt_qazlal_sundering
Temple:   nicolae_temple_elliptical
Lair:1:   layout_gridlike, gauntlet_entry_generic, lemuel_old_faithful
Lair:2:   layout_cave_pods, shoals_dummy_entry, basic_altar, lemuel_fruit_tree,
          uniq_harold
Lair:3:   cheibrodos_lair_river_kwai, layout_chaotic_city, serial_bayou_shore_b,
          infiniplex_staircase_pool_2
Lair:4:   layout_layer_cave, minmay_snake_entry_six_corridors,
          lemuel_fruit_fields
Lair:5:   gammafunk_lair_enchanted_lake, layout_regular_city,
          grunt_megastairs_2, minmay_lair_oklob_chamber
Lair:6:   minmay_lair_end_frog_pond, layout_layer_cave, slime_altar_1,
          infiniplex_staircase_pool, serial_bayou_shore_b, serial_bayou_shore_a
Orc:1:    layout_caves, ebering_ghost_disaster_area
Orc:2:    st_orc_rangers, layout_diamond_mine, serial_shops, shop, shop,
          nicolae_shop_behind_doors, amcnicky_altar_lugonu_corruption

Skill      XL: |  1  2  3  4  5  6  7  8  9 10 11 12 13 14 15 |
---------------+----------------------------------------------+-----
Conjurations   | 1 2 4 5 7 9 12 13 14 15 16 17 | 17.0
Spellcasting   | 3 4 5 7 9 10 11 12 13 14 | 14.1
Earth Magic    | 3 |  3.0
Fighting       | 5 8 9 |  9.1
Dodging        | 6 |  6.6
Air Magic      | 2 7 10 12 | 12.3
Shields        | 6 |  6.0
Armour         | 6 7 |  7.7
Stealth        | |  2.0
Transmutations | |  0.7

Action                   |  1- 3 |  4- 6 |  7- 9 | 10-12 | 13-15 || total
-------------------------+-------+-------+-------+-------+-------++-------
Melee: Club              |    59 |    47 |       |       |       ||   106
       Kick              |    14 |    28 |    40 |   110 |    48 ||   240
       Peck              |    10 |    18 |    24 |    53 |    44 ||   149
       Spear             |    15 |       |   198 |   541 |   179 ||   933
       Hand axe          |       |    82 |    16 |       |       ||    98
       Trident           |       |       |       |       |   103 ||   103
Throw: Boomerang         |     4 |     2 |    25 |     5 |       ||    36
       Dart              |       |    23 |    45 |     6 |     9 ||    83
       Stone             |       |       |     3 |       |       ||     3
 Cast: Sandblast         |     9 |    25 |    90 |    31 |       ||   155
       Stone Arrow       |       |     2 |    10 |   106 |    41 ||   159
       Lightning Bolt    |       |       |       |    33 |    71 ||   104
       Iskenderun's Myst |       |       |       |     7 |       ||     7
       Airstrike         |       |       |       |    66 |   325 ||   391
       Mephitic Cloud    |       |       |       |     2 |       ||     2
       Orb of Destructio |       |       |       |       |    46 ||    46
       Static Discharge  |       |       |       |       |    11 ||    11
       Freezing Cloud    |       |       |       |       |     1 ||     1
 Abil: Fly               |       |     1 |       |       |       ||     1
Evoke: Wand              |       |       |     1 |       |       ||     1
  Use: Scroll            |     3 |       |     6 |    12 |     6 ||    27
       Potion            |       |     1 |     6 |     3 |       ||    10
 Stab: Sleeping          |     7 |     3 |     6 |     3 |     1 ||    20
       Confused          |       |       |       |     2 |       ||     2
       Distracted        |       |       |       |       |     1 ||     1
Armor: Robe              |    28 |    34 |    32 |    71 |    68 ||   233
Dodge: Dodged            |    46 |   125 |   212 |   614 |   342 ||  1339
Block: Buckler           |       |       |       |       |   123 ||   123
       Reflection        |       |       |       |       |    15 ||    15
